[Event "ICC tourney 2010 (45 10)"]
[Site "Internet Chess Club"]
[Date "2020.09.19"]
[Round "4"]
[White "Bushchess"]
[Black "BrianDeSousa"]
[Result "1/2-1/2"]
[ICCResult "Game drawn because neither player has mating material"]
[WhiteElo "2140"]
[BlackElo "2117"]
[Opening "King's Indian: East Indian defense"]
[ECO "A48"]
[NIC "QP.11"]
[Time "18:31:39"]
[TimeControl "2700+10"]

1. Nf3 g6 2. d4 Nf6 3. Nc3 d5 4. Bg5 Bg7 5. e3 O-O 6. Be2 c5 7. dxc5 Qa5 8.
O-O Qxc5 9. Bxf6 Bxf6 10. Qxd5 Qc7 11. Nd4 Nc6 12. Qc4 e6 13. Rad1 Be5 14.
g3 Nxd4 15. exd4 Qxc4 16. Bxc4 Bg7 17. Ne4 Rd8 18. c3 a6 19. Be2 b6 20. Bf3
Bb7 21. Nd2 Bd5 22. Bxd5 Rxd5 23. Nc4 Rb8 24. Ne3 Rdd8 25. d5 e5 26. Nc2 Bf8
27. Rfe1 f6 28. Kg2 b5 29. Kf3 Kf7 30. Na1 a5 31. g4 Bd6 32. Re2 f5 33. h3
Kf6 34. Nc2 Re8 35. Kg2 h5 36. f3 hxg4 37. hxg4 Rh8 38. Rh1 Rxh1 39. Kxh1
Rh8+ 40. Rh2 Rxh2+ 41. Kxh2 e4+ 42. Kg2 exf3+ 43. Kxf3 fxg4+ 44. Kxg4 Ke5
45. Nd4 b4 46. Nb5 bxc3 47. Nxc3 Bb4 48. Na4 Be7 49. Nc3 Bb4 50. Ne2 Kxd5
51. Kg5 Kc4 52. Kxg6 Kd3 53. Nf4+ Kc2 54. Nd5 Kxb2 55. Nb6 Kxa2 56. Nc4 a4
57. Nb6 a3 58. Nc4 Kb3 59. Nxa3
{Game drawn because neither player has mating material}
1/2-1/2

[Event "ICC tourney 2010 (45 10)"]
[Site "Internet Chess Club"]
[Date "2020.09.19"]
[Round "4"]
[White "sathviks"]
[Black "IndianTerritory"]
[Result "1/2-1/2"]
[ICCResult "Game drawn by mutual agreement"]
[WhiteElo "2239"]
[BlackElo "2010"]
[Opening "Caro-Kann: exchange variation"]
[ECO "B13"]
[NIC "CK.02"]
[Time "18:31:38"]
[TimeControl "2700+10"]

1. e4 c6 2. d4 d5 3. exd5 cxd5 4. Bd3 Nf6 5. Nf3 Bg4 6. Be3 e6 7. Nbd2 Bd6
8. c3 Nbd7 9. Qc2 O-O 10. h3 Bh5 11. O-O-O Rc8 12. g4 Bg6 13. Bxg6 hxg6 14.
h4 b5 15. h5 b4 16. c4 dxc4 17. Nxc4 Qc7 18. b3 Nb6 19. Nfd2 g5 20. Bxg5 Bf4
21. Bxf6 gxf6 22. Kb1 Bxd2 23. Rxd2 Nxc4 24. bxc4 Qxc4
{Game drawn by mutual agreement}
1/2-1/2

[Event "ICC tourney 2010 (45 10)"]
[Site "Internet Chess Club"]
[Date "2020.09.19"]
[Round "4"]
[White "GutsyEdge"]
[Black "lmperatorX"]
[Result "1/2-1/2"]
[ICCResult "Game drawn by mutual agreement"]
[WhiteElo "2070"]
[BlackElo "2118"]
[Opening "Catalan: closed, 5.Nf3"]
[ECO "E06"]
[NIC "CA.04"]
[Time "18:32:27"]
[TimeControl "2700+10"]

1. d4 d5 2. c4 e6 3. Nf3 Nf6 4. g3 Be7 5. Bg2 O-O 6. O-O c6 7. Nbd2 b6 8. b3
Bb7 9. Bb2 Nbd7 10. e3 c5 11. cxd5 Bxd5 12. Qe2 cxd4 13. Nxd4 Bxg2 14. Kxg2
Rc8 15. Rac1 Rxc1 16. Rxc1 Qa8+ 17. Qf3 Qxf3+ 18. N2xf3 Nc5 19. Nc6 Bd6 20.
Rd1 Nce4 21. Nxa7 Bc5 22. Bd4 Ng4 23. Bxc5 bxc5 24. Rd7 Ngxf2 25. Nc6 Ng4
26. Nfe5 Nxe5 27. Nxe5 Nf6 28. Rc7 Nd5 29. Rxc5 Nxe3+ 30. Kf2 Nd5 31. a4 f6
32. Nd3 Rb8 33. Rb5 Rxb5 34. axb5 Kf7 35. Nb2 Ke7 36. Na4 Kd6 37. Ke2 e5 38.
Kd3 f5 39. Kc4 e4 40. b6 e3 41. Kd3 g5 42. b7 Kc7 43. Nc5
{Game drawn by mutual agreement}
1/2-1/2

[Event "ICC tourney 2010 (45 10)"]
[Site "Internet Chess Club"]
[Date "2020.09.19"]
[Round "4"]
[White "IAlwaysWin"]
[Black "Xuanli28"]
[Result "0-1"]
[ICCResult "White resigns"]
[WhiteElo "2116"]
[BlackElo "2262"]
[Opening "Réti opening"]
[ECO "A05"]
[NIC "QP.11"]
[Time "18:32:27"]
[TimeControl "2700+10"]

1. Nf3 Nf6 2. b3 g6 3. Bb2 Bg7 4. c4 O-O 5. g3 d6 6. Bg2 Re8 7. O-O e5 8. d3
Nc6 9. Nc3 h6 10. e4 Be6 11. Nd5 Ne7 12. Re1 c5 13. a3 Bxd5 14. cxd5 Nd7 15.
a4 a5 16. Nd2 Qc7 17. Nc4 Rad8 18. Qd2 b6 19. f4 f5 20. fxe5 Nxe5 21. Nxe5
dxe5 22. Bh3 Qd6 23. Rf1 Rf8 24. Rf3 g5 25. Bxf5 Nxf5 26. exf5 Qxd5 27. Qf2
g4 28. Re3 Qxb3 29. Rae1 Rxd3 30. Bxe5 Rxe3 31. Rxe3 Qb1+ 32. Re1 Qxf5 33.
Qd2 {White resigns} 0-1

[Event "ICC tourney 2010 (45 10)"]
[Site "Internet Chess Club"]
[Date "2020.09.19"]
[Round "4"]
[White "funplaychess"]
[Black "Chessking2008"]
[Result "1/2-1/2"]
[ICCResult "Game drawn because neither player has mating material"]
[WhiteElo "2361"]
[BlackElo "2190"]
[Opening "King's Indian: Sämisch, Panno main line"]
[ECO "E84"]
[NIC "KI.35"]
[Time "18:31:48"]
[TimeControl "2700+10"]

1. d4 Nf6 2. c4 g6 3. Nc3 Bg7 4. e4 d6 5. f3 O-O 6. Be3 Nc6 7. Qd2 a6 8.
Nge2 Rb8 9. h4 b5 10. h5 Nxh5 11. g4 Na5 12. gxh5 Nxc4 13. Qc1 Nxe3 14. Qxe3
b4 15. Nd1 c5 16. Qf2 cxd4 17. Nxd4 Qb6 18. Nb3 Qxf2+ 19. Kxf2 Be6 20. Bh3
Bxh3 21. Rxh3 Rfc8 22. Rc1 Rxc1 23. Nxc1 Rc8 24. Ne2 e6 25. hxg6 hxg6 26.
Ke3 a5 27. Kd3 a4 28. Rh2 Be5 29. f4 Bg7 30. Nd4 Rc1 31. Rd2 Bh6 32. Ne3 Rc5
33. Ne2 f5 34. Rc2 fxe4+ 35. Kxe4 Rxc2 36. Nxc2 b3 37. axb3 axb3 38. Ncd4
Bg7 39. Nc1 d5+ 40. Kd3 g5 41. fxg5 e5 42. Ncxb3 exd4 43. Nxd4 Kf7 44. b4
Bf8 45. b5 Bc5 46. Nf3 Kg6 47. Kc3 Bb6 48. Kd3 Kf5 49. Ke2 Bc5 50. Kf1 Bb6
51. Kg2 Be3 52. Kh3 d4 53. b6 d3 54. b7 Bf4 55. Kg2 d2 56. Nxd2 Kxg5 57. Kf3
Kf5 58. Nc4 Bc7 59. Ke3 Ke6 60. Kd4 Kd7 61. Kc5 Bb8 62. Kb6 Bh2 63. Ka7 Kc6
64. Ka8 Bc7 65. Nb2 Be5 66. Nd3 Bd6 67. Nb4+ Kb5 68. Nd5 Kc6 69. Ne7+ Kd7
70. Nf5 Bh2 71. Ka7 Kc6 72. Nd4+ Kc5 73. Ne6+ Kb5 74. Nd4+ Kc5 75. Nf3 Bg3
76. Ka6 Bb8 77. Ne5 Bxe5 78. Ka7 Kc6 79. b8=Q Bxb8+
{Game drawn because neither player has mating material}
1/2-1/2

[Event "ICC tourney 2010 (45 10)"]
[Site "Internet Chess Club"]
[Date "2020.09.19"]
[Round "4"]
[White "GGuseinov"]
[Black "Openyagami"]
[Result "1-0"]
[ICCResult "Black resigns"]
[WhiteElo "2727"]
[BlackElo "2623"]
[Opening "Sicilian: closed, 2...Nc6"]
[ECO "B23"]
[NIC "SI.44"]
[Time "18:31:46"]
[TimeControl "2700+10"]

1. e4 c5 2. Nc3 Nc6 3. Bb5 Nd4 4. Nf3 e6 5. O-O a6 6. Bd3 Ne7 7. Nxd4 cxd4
8. Ne2 Nc6 9. c3 Bc5 10. b4 Ba7 11. a4 O-O 12. b5 Ne5 13. Bb1 d3 14. Nd4 d5
15. Nf3 Ng4 16. Bxd3 axb5 17. Ba3 Re8 18. Bxb5 dxe4 19. Bxe8 Qxe8 20. Nd4 f5
21. Nb5 Bb8 22. Bd6 Qg6 23. Bxb8 Rxb8 24. f3 Nf6 25. fxe4 Nxe4 26. d3 Ng5
27. Qe1 Bd7 28. Qg3 Rc8 29. h4 Nf7 30. Qxg6 hxg6 31. Rfb1 e5 32. a5 f4 33.
c4 Kh7 34. Nc3 Bc6 35. Rb6 Rc7 36. Nb5 Rd7 37. a6 bxa6 38. Rxc6 axb5 39.
cxb5 Rxd3 40. Rb1 Nd8 41. Rc4 Kh6 42. b6 Kh5 43. b7 Nxb7 44. Rxb7 Kxh4 45.
Rxg7 g5 46. Rc8 e4 47. Rh8+ Kg4 48. Re8 Rd5 49. Rxe4 Kg3 50. Re1 g4 51. Rf1
Rd3 52. Rf3+ Rxf3 53. gxf3 Kxf3 54. Kh2 {Black resigns} 1-0

[Event "ICC tourney 2010 (45 10)"]
[Site "Internet Chess Club"]
[Date "2020.09.19"]
[Round "4"]
[White "saiabhi29"]
[Black "JunlinTheWorld"]
[Result "1-0"]
[ICCResult "Black resigns"]
[WhiteElo "2068"]
[BlackElo "1867"]
[Opening "Queen's pawn: London system"]
[ECO "A45"]
[NIC "QP.07"]
[Time "18:32:27"]
[TimeControl "2700+10"]

1. d4 Nf6 2. Bf4 d5 3. e3 e6 4. Nd2 Be7 5. Ngf3 O-O 6. h3 Nbd7 7. Bd3 b6 8.
c3 Bb7 9. Qe2 c5 10. O-O Rc8 11. Rac1 c4 12. Bc2 b5 13. Ne5 a5 14. Rfd1 Qb6
15. Nxd7 Nxd7 16. e4 Rfe8 17. e5 b4 18. Qg4 g6 19. Nf3 Bf8 20. h4 Bg7 21. h5
bxc3 22. bxc3 Bc6 23. Rb1 Qc7 24. Ng5 Nf8 25. hxg6 hxg6 26. Re1 Rb8 27. Rbc1
Rb2 28. Re3 Rxa2 29. Rh3 Re7 30. Nf3 a4 31. Bh6 Rxc2 32. Rxc2 Bxh6 33. Rxh6
f6 34. exf6 Rh7 35. Rxh7 Qxh7 36. Ne5 Be8 37. Ra2 Qb7 38. Ra1 Qb2 39. Rd1
Qxc3 40. Qf4 Bf7 41. Qh6 {Black resigns} 1-0

[Event "ICC tourney 2010 (45 10)"]
[Site "Internet Chess Club"]
[Date "2020.09.19"]
[Round "4"]
[White "Aryangambit"]
[Black "arsenicblast"]
[Result "1/2-1/2"]
[ICCResult "Game drawn by mutual agreement"]
[WhiteElo "2088"]
[BlackElo "2021"]
[Opening "Giuoco Piano"]
[ECO "C50"]
[NIC "IG.02"]
[Time "18:31:33"]
[TimeControl "2700+10"]

1. e4 e5 2. Nf3 Nc6 3. Bc4 Bc5 4. O-O Nf6 5. d4 Bxd4 6. Nxd4 Nxd4 7. Bg5 Qe7
8. Nc3 c6 9. Ne2 Nxe2+ 10. Qxe2 h6 11. Bd2 d6 12. Rad1 Be6 13. Bb4 O-O-O 14.
Bxe6+ Qxe6 15. c4 c5 16. Bc3 g5 17. a3 Kb8 18. Rd2 Ne8 19. Rfd1 Rc8 20. Rd5
Rc6 21. Qd3 f6 22. b4 b6 23. b5 Rc8 24. a4 Rd8 25. a5 Rh7 26. axb6 axb6 27.
Qe2 Ra7 28. Rb1 Kb7 29. Rbd1 Nc7 30. R5d2 Ra4 31. Qh5 Rxc4 32. Ba1 Nxb5 33.
Qxh6 Nc7 34. Qh7 Rd7 35. Qg6 b5 36. Rb1 b4 37. Rbd1 Nb5 38. Qh5 Nc3 39. Bxc3
Rxc3 40. Qe2 Qc4 41. Qg4 Kc7 42. Qh5 Rc1 43. Qf3 Rxd1+ 44. Rxd1 Qe6 45. Qe2
Kb6 46. Qh5 b3 47. Qh8 Rb7 48. Qd8+ Kc6 49. Qa5 Qd7 50. Qa4+ Kc7 51. Qa5+
Kb8 52. Ra1 b2 53. Qa8+ Kc7 54. Qa5+ Kc8 55. Rb1 Qb5 56. Qa8+ Kc7 57. Qf8
Qd7 58. Qa8 c4 59. Qa5+ Kc8 60. Qa8+ Rb8 61. Qa6+ Rb7 62. Qxc4+ Rc7 63. Qg8+
Qd8 64. Qe6+ Qd7 65. Qg8+ Qd8 66. Qe6+ Qd7 {Game drawn by mutual agreement}
1/2-1/2

[Event "ICC tourney 2010 (45 10)"]
[Site "Internet Chess Club"]
[Date "2020.09.19"]
[Round "4"]
[White "WonderZ"]
[Black "Tombstone"]
[Result "0-1"]
[ICCResult "White resigns"]
[WhiteElo "2020"]
[BlackElo "2029"]
[Opening "QGD Slav: exchange variation, 6.Bf4 Bf5"]
[ECO "D14"]
[NIC "SL.01"]
[Time "18:31:54"]
[TimeControl "2700+10"]

1. d4 d5 2. c4 c6 3. cxd5 cxd5 4. Nc3 Nf6 5. Nf3 Nc6 6. Bf4 Bf5 7. e3 e6 8.
Bb5 Bd6 9. Ne5 Bxe5 10. Bxe5 O-O 11. Bf4 Qb6 12. Bxc6 bxc6 13. Qe2 c5 14.
dxc5 Qxc5 15. O-O Rfe8 16. Rac1 Qa5 17. Bd6 Rad8 18. b4 Qb6 19. Bc5 Qb8 20.
Nb5 Rd7 21. a4 e5 22. Nxa7 Rxa7 23. Bxa7 Qxa7 24. a5 d4 25. Rc6 d3 26. Qb2
Be4 27. Rb6 Nd5 28. Rb5 Qa6 29. Rc5 Qb7 30. Rfc1 Bxg2 31. Qxe5 Rf8 32. Qg3
d2 33. Rd1 Qxb4 34. Rc2 Nc3 35. Rdxd2 Ne4 36. Qg4 f5 37. Qxg2 Nxd2 38. Qd5+
Kh8 39. Qxd2 Qg4+ 40. Kf1 Qh3+ 41. Ke2 Qxh2 42. a6 Qh5+ 43. Ke1 f4 44. Qd6
Rg8 45. Re2 f3 46. Ra2 Qb5 47. Qa3 Qb1+ 48. Kd2 Rd8+ 49. Kc3 Rd3+ 50. Kc4
Rxa3 51. Rxa3 Qc1+ 52. Kb4 Qc8 53. a7 Qa8 54. Kb5 h5 55. Kb6 h4 56. Ra4 g5
57. Rc4 h3 58. Rc7 h2 59. Rb7 Qd8+ 60. Ka6 h1=Q {White resigns} 0-1

[Event "ICC tourney 2010 (45 10)"]
[Site "Internet Chess Club"]
[Date "2020.09.19"]
[Round "4"]
[White "tcao"]
[Black "TjkTiger"]
[Result "0-1"]
[ICCResult "White forfeits on time"]
[WhiteElo "2018"]
[BlackElo "2612"]
[Opening "Sicilian: Hungarian variation"]
[ECO "B73"]
[NIC "SI.43"]
[Time "18:32:27"]
[TimeControl "2700+10"]

1. e4 c5 2. Nf3 g6 3. d4 cxd4 4. Nxd4 Bg7 5. Be3 Nc6 6. Nc3 Nf6 7. Be2 O-O
8. O-O d6 9. f4 Qb6 10. Na4 Qa5 11. Nc3 Qb6 12. Na4 Qb4 13. c3 Qa5 14. b4
Qc7 15. Nb5 Qd8 16. Bf3 Bd7 17. Rb1 Qc8 18. h3 Be6 19. Rf2 Rd8 20. Rbb2 Nd7
21. Rbd2 a6 22. Nd4 Nxd4 23. cxd4 Bc4 24. Rc2 b5 25. Nb2 Nb6 26. d5 Qb7 27.
Bxb6 Qxb6 28. Nxc4 bxc4 29. Rxc4 Rac8 30. Rxc8 Rxc8 31. Kf1 Qxb4 32. Rc2 Bc3
33. Kg1 Rc5 34. Kh2 a5 35. Rc1 a4 36. Rb1 Bb2 37. Qe2 a3 38. Qa6 Qd2 39.
Qa8+ Kg7 40. Kg3 g5 41. fxg5 Qxg5+ 42. Kh2 Be5+ 43. Kg1 Qe3+ 44. Kf1 Bg3
{White forfeits on time}
0-1

[Event "ICC tourney 2010 (45 10)"]
[Site "Internet Chess Club"]
[Date "2020.09.19"]
[Round "4"]
[White "espark"]
[Black "helavir"]
[Result "0-1"]
[ICCResult "White resigns"]
[WhiteElo "2301"]
[BlackElo "2645"]
[Opening "Giuoco Pianissimo"]
[ECO "C50"]
[NIC "IG.02"]
[Time "18:31:39"]
[TimeControl "2700+10"]

1. e4 e5 2. Nf3 Nc6 3. Bc4 Bc5 4. d3 Nf6 5. c3 d6 6. a4 a5 7. O-O h6 8. Nbd2
O-O 9. h3 Ba7 10. Re1 Ne7 11. Nf1 Ng6 12. Ng3 Be6 13. Bxe6 fxe6 14. Be3 Kh8
15. Bxa7 Rxa7 16. d4 Nd7 17. Qe2 Qe7 18. Qe3 Raa8 19. Kh2 Rf7 20. dxe5 Ndxe5
21. Nxe5 Nxe5 22. f4 Ng6 23. Rf1 Raf8 24. Ne2 Qd7 25. g3 b6 26. Kg2 Ne7 27.
b3 e5 28. c4 exf4 29. gxf4 Re8 30. Nc3 Ng6 31. Qg3 Nf8 32. Rae1 Ne6 33. Nb1
Nc5 34. Nd2 Rfe7 35. Qf3 Qc6 36. e5 Qxf3+ 37. Nxf3 Nxb3 38. Rb1 Nc5 39. exd6
Re2+ 40. Kg1 cxd6 41. Rxb6 Ra2 42. Rxd6 Ree2 43. Re1 Rg2+ 44. Kh1 Rg3 45.
Ng1 Rgg2 46. Nf3 Rgf2 47. Nh4 Kh7 48. Rd5 Ne6 49. Ng2 Rxg2 50. Rxe6 Rgc2 51.
Re1 Rxa4 52. Rd7 Ra3 53. f5 Rxh3+ 54. Kg1 Rg3+ 55. Kh1 Rxc4 56. Kh2 Rg5 57.
Kh3 Rxf5 58. Rg1 Rh5+ {White resigns} 0-1

[Event "ICC tourney 2010 (45 10)"]
[Site "Internet Chess Club"]
[Date "2020.09.19"]
[Round "4"]
[White "Solidwrench2"]
[Black "jy2020"]
[Result "0-1"]
[ICCResult "White checkmated"]
[WhiteElo "1956"]
[BlackElo "2245"]
[Opening "Sicilian: Najdorf, Opocensky variation"]
[ECO "B92"]
[NIC "SI.11"]
[Time "18:31:49"]
[TimeControl "2700+10"]

1. e4 c5 2. Nf3 d6 3. d4 cxd4 4. Nxd4 Nf6 5. Nc3 a6 6. Be2 e5 7. Nb3 Be7 8.
O-O O-O 9. Be3 Nbd7 10. a4 b6 11. f3 Bb7 12. Rf2 Qc7 13. Bf1 Rfd8 14. Rd2
Nf8 15. a5 N8d7 16. Kh1 b5 17. g3 Nc5 18. Bg2 Rac8 19. Bh3 Rb8 20. Bg5 Ne6
21. Be3 Nd7 22. Nd5 Bxd5 23. exd5 Nec5 24. Nxc5 Nxc5 25. Qe2 g6 26. g4 Re8
27. g5 Nd7 28. Rc1 Nf8 29. b4 f5 30. gxf6 Bxf6 31. c4 bxc4 32. Rxc4 Qe7 33.
Rdc2 Bg5 34. Rc7 Qf6 35. Bb6 Bh6 36. Qe4 Bf4 37. Bc8 h6 38. Bxa6 Red8 39.
Rc8 Rdxc8 40. Rxc8 Qh4 41. Qe2 Rxc8 42. Bxc8 e4 43. fxe4 Qf6 44. a6 Qa1+ 45.
Kg2 g5 46. a7 Ng6 47. Bb7 Nh4+ 48. Kf2 Qh1 49. a8=Q+ Kh7 50. Bd4 Qxh2+ 51.
Ke1 Qg3+ 52. Qf2 Nf3+ 53. Kf1 Nd2+ 54. Ke2 Qg4+ 55. Kd3 Qh3+ 56. Kc2 Qb3+
57. Kc1 Qb1# {White checkmated} 0-1

[Event "ICC tourney 2010 (45 10)"]
[Site "Internet Chess Club"]
[Date "2020.09.19"]
[Round "4"]
[White "MrNormalName"]
[Black "xyzchessdude"]
[Result "1/2-1/2"]
[ICCResult "Game drawn by mutual agreement"]
[WhiteElo "2183"]
[BlackElo "2057"]
[Opening "Benkö gambit accepted"]
[ECO "A58"]
[NIC "BI.45"]
[Time "18:32:27"]
[TimeControl "2700+10"]

1. d4 Nf6 2. c4 c5 3. d5 b5 4. cxb5 a6 5. bxa6 g6 6. Nc3 Bg7 7. e4 O-O 8.
Nf3 Qa5 9. Bd2 Bxa6 10. Bxa6 Qxa6 11. Qe2 e6 12. Qxa6 Nxa6 13. dxe6 fxe6 14.
O-O d5 15. Bg5 d4 16. Bxf6 Bxf6 17. Na4 Rab8 18. Rac1 Rfd8 19. b3 Rb5 20.
Ne1 d3 21. Nf3 Bg7 22. Rc4 Rb4 23. Rxb4 cxb4 24. Rd1 Bc3 25. Kf1 Kg7 26. Ne1
d2 27. Nf3 Nc7 28. Ke2 Nb5 29. Nc5 Kf6 30. Nd3 Ra8 31. Nxd2 Rxa2 32. Ke3
Bd4+ 33. Kf3 Nc3 34. e5+ Kg7 35. Nxb4 Rb2 36. Rf1 Rxd2 37. Nc6 Bb6 38. b4
Nd5 39. Kg3 Rc2 40. Nb8 Nxb4 41. Nd7 Bd4 42. f4 Nd5 43. Rd1 Ne3 44. Rd3 Rc3
45. Rxc3 Bxc3 46. Kf3 Nd5 47. Nc5 Kf7 48. Ne4 h6 49. Nd6+ Ke7 50. Nc8+ Kf7
51. Nd6+ Kf8 52. Ke4 Bb4 53. Nb5 Bc5 54. g4 Ne7 55. Nc7 Kf7 56. Nb5 Bb4 57.
Nd4 Bc3 58. Nb5 Bb2 59. Nd6+ Kf8 60. Nb7 Nc6 61. Nc5 Ke7 62. Nd3 Bc3 63. Nc5
Bb4 64. Nd3 Ba3 65. h4 Kf7 66. Nf2 Ne7 67. Nd1 Bb4 68. Ne3 Bd2 69. Nc4 Bb4
70. Ne3 Be1 71. Ng2 Bf2 72. Kf3 Ba7 73. Ke4 Nd5 74. f5 gxf5+ 75. gxf5 Nc3+
76. Kd3 exf5 77. Kxc3 Ke6 78. Kd3 Kxe5 79. Ke2 Ke4 80. h5 Bc5 81. Kf1 Be7
82. Kf2 Bg5 83. Ke2 Bc1 84. Nh4 f4 85. Kf2 Be3+ 86. Kg2 Bc5 87. Nf3 Be7 88.
Ng1 Bf6 89. Nf3 Ke3 90. Nh2 Bg7 91. Nf3 Bf6 92. Nh2 Bg7
{Game drawn by mutual agreement}
1/2-1/2

[Event "ICC tourney 2010 (45 10)"]
[Site "Internet Chess Club"]
[Date "2020.09.19"]
[Round "5"]
[White "Dking135799"]
[Black "tcao"]
[Result "1-0"]
[ICCResult "Black resigns"]
[WhiteElo "2262"]
[BlackElo "2014"]
[Opening "QGD: Ragozin variation"]
[ECO "D38"]
[NIC "NI.27"]
[Time "21:01:58"]
[TimeControl "2700+10"]

1. d4 e6 2. Nf3 d5 3. c4 Nf6 4. Nc3 Bb4 5. Qa4+ Nc6 6. Ne5 Bxc3+ 7. bxc3 Bd7
8. Nxd7 Qxd7 9. e3 O-O 10. Qc2 Na5 11. cxd5 exd5 12. Bd3 Qc6 13. O-O Ne4 14.
f3 Nf6 15. e4 Rfe8 16. e5 Nd7 17. Bxh7+ Kh8 18. Bd3 Nb6 19. f4 Nac4 20. Rf3
Kg8 21. f5 f6 22. Bf4 fxe5 23. dxe5 Nxe5 24. Bxe5 Rxe5 25. f6 gxf6 26. Raf1
Kf7 27. Qf2 Nd7 28. Bf5 Rxf5 29. Rxf5 Qxc3 30. Rxd5 Qc6 31. Qf5 Nb6 32. Rd3
Rg8 33. Rdf3 Nd7 34. h3 Rg6 35. R3f2 Qb6 36. Qxd7+ {Black resigns} 1-0

[Event "ICC tourney 2010 (45 10)"]
[Site "Internet Chess Club"]
[Date "2020.09.19"]
[Round "5"]
[White "IndianTerritory"]
[Black "Bushchess"]
[Result "1-0"]
[ICCResult "Black resigns"]
[WhiteElo "2006"]
[BlackElo "2066"]
[Opening "Caro-Kann: exchange variation"]
[ECO "B13"]
[NIC "CK.02"]
[Time "21:01:28"]
[TimeControl "2700+10"]

1. e4 c6 2. d4 d5 3. exd5 Qxd5 4. Nc3 Qa5 5. Nf3 Nf6 6. Bc4 Bg4 7. h3 Bh5 8.
O-O e6 9. a3 Nbd7 10. Re1 Be7 11. Qe2 O-O 12. Bd2 Qc7 13. Rad1 Rfe8 14. Bd3
c5 15. Be3 a6 16. g4 Bg6 17. Bxg6 h6 18. Bd3 b5 19. dxc5 Nxc5 20. Bd4 Nxd3
21. Rxd3 Rad8 22. Be5 Qb7 23. Red1 Rxd3 24. Rxd3 b4 25. axb4 Qxb4 26. b3 Nh7
27. Ne4 a5 28. Bd6 Bxd6 29. Nxd6 Rf8 30. Qe4 Qa3 31. Kg2 Nf6 32. Qe2 Nd5 33.
Qe5 Qc1 34. Rxd5 exd5 35. Nf5 f6 36. Qe7 {Black resigns} 1-0

[Event "ICC tourney 2010 (45 10)"]
[Site "Internet Chess Club"]
[Date "2020.09.19"]
[Round "5"]
[White "EsatERGIN"]
[Black "pawnpush202044"]
[Result "0-1"]
[ICCResult "White resigns"]
[WhiteElo "2063"]
[BlackElo "1969"]
[Opening "Sicilian: Canal-Sokolsky (Nimzovich-Rossolimo, Moscow) attack"]
[ECO "B51"]
[NIC "SI.01"]
[Time "21:01:23"]
[TimeControl "2700+10"]

1. e4 c5 2. Nf3 d6 3. Bb5+ Nd7 4. a4 a6 5. Bc4 Ngf6 6. Qe2 Qc7 7. O-O e6 8.
c3 Be7 9. Na3 O-O 10. d4 cxd4 11. cxd4 Re8 12. Bf4 e5 13. Bg3 h6 14. Rac1
Qb8 15. Rfd1 b6 16. Nh4 Bb7 17. f3 exd4 18. Rxd4 Ne5 19. Nf5 Bf8 20. Rcd1 d5
21. Bxd5 Bc5 22. Nc4 Bxd5 23. Nxe5 Rxe5 24. b4 Bxd4+ 25. Rxd4 Qe8 26. Bxe5
Qxe5 27. f4 Qe6 28. Rxd5 Nxd5 29. Qg4 Qg6 {White resigns} 0-1

[Event "ICC tourney 2010 (45 10)"]
[Site "Internet Chess Club"]
[Date "2020.09.19"]
[Round "5"]
[White "challenger2010"]
[Black "GutsyEdge"]
[Result "1-0"]
[ICCResult "Black resigns"]
[WhiteElo "2154"]
[BlackElo "2055"]
[Opening "Réti: King's Indian attack (Barcza system)"]
[ECO "A07"]
[NIC "QP.09"]
[Time "21:01:30"]
[TimeControl "2700+10"]

1. Nf3 d5 2. g3 Nf6 3. Bg2 c6 4. O-O e6 5. d3 Bd6 6. c4 O-O 7. Nc3 Nbd7 8.
b3 d4 9. Nxd4 Be5 10. e3 Nc5 11. Qc2 Bxd4 12. exd4 Qxd4 13. Rd1 Qd6 14. d4
Ncd7 15. Bf4 Qe7 16. Re1 c5 17. Nb5 cxd4 18. Bd6 Qd8 19. Bxf8 Qxf8 20. Nxd4
a6 21. a3 e5 22. Nf3 e4 23. Ng5 Nc5 24. b4 Nd3 25. Nxe4 Nxe1 26. Nxf6+ gxf6
27. Rxe1 a5 28. c5 axb4 29. axb4 Qd8 30. c6 Qc7 31. cxb7 Qxc2 32. bxa8=Q Kg7
33. Bd5 Qd2 34. Re8 Qd1+ 35. Kg2 f5 36. Rxc8 Kh6 37. Qc6+ {Black resigns}
1-0

[Event "ICC tourney 2010 (45 10)"]
[Site "Internet Chess Club"]
[Date "2020.09.19"]
[Round "5"]
[White "Xuanli28"]
[Black "jy2020"]
[Result "1/2-1/2"]
[ICCResult "Game drawn by mutual agreement"]
[WhiteElo "2251"]
[BlackElo "2242"]
[Opening "Sicilian: Canal-Sokolsky (Nimzovich-Rossolimo, Moscow) attack"]
[ECO "B51"]
[NIC "SI.01"]
[Time "21:02:16"]
[TimeControl "2700+10"]

1. e4 c5 2. Nf3 d6 3. Bb5+ Nd7 4. d4 cxd4 5. Nxd4 a6 6. Be2 Ngf6 7. Nc3 e6
8. O-O Be7 9. f4 O-O 10. Be3 Qc7 11. f5 e5 12. Nb3 b5 13. Qd3 Bb7 14. Bf3
Nc5 15. Nxc5 dxc5 16. Bf2 Rfd8 17. Qe3 Bc6 18. Rad1 Qb7 19. Bh4 Rd4 20. Bxf6
Bxf6 21. Ne2 Rxd1 22. Rxd1 Qe7 23. Nc3 Bg5 24. Qe2 Rd8 25. Nd5 Bxd5 26. exd5
{Game drawn by mutual agreement}
1/2-1/2

[Event "ICC tourney 2010 (45 10)"]
[Site "Internet Chess Club"]
[Date "2020.09.19"]
[Round "5"]
[White "SkyAngel"]
[Black "sathviks"]
[Result "1-0"]
[ICCResult "Black resigns"]
[WhiteElo "2202"]
[BlackElo "2238"]
[Opening "Scandinavian (center counter) defense"]
[ECO "B01"]
[NIC "SD.01"]
[Time "21:01:27"]
[TimeControl "2700+10"]

1. e4 d5 2. exd5 Qxd5 3. Nc3 Qa5 4. d4 Nf6 5. Nf3 Bg4 6. Bc4 e6 7. h3 Bh5 8.
Bd2 c6 9. g4 Bg6 10. Qe2 Be7 11. Ne5 Nbd7 12. O-O-O Qc7 13. f4 Nxe5 14. dxe5
Nd5 15. Bxd5 cxd5 16. f5 exf5 17. Nxd5 Qc6 18. Nxe7 Kxe7 19. Bb4+ Ke8 20. e6
f6 21. gxf5 Bxf5 22. Rhf1 Bg6 23. Rd6 Qa4 24. a3 Rc8 25. b3 {Black resigns}
1-0

[Event "ICC tourney 2010 (45 10)"]
[Site "Internet Chess Club"]
[Date "2020.09.19"]
[Round "5"]
[White "drberkley"]
[Black "Aryangambit"]
[Result "0-1"]
[ICCResult "White checkmated"]
[WhiteElo "1905"]
[BlackElo "2098"]
[Opening "Sicilian: Grand Prix attack"]
[ECO "B23"]
[NIC "SI.44"]
[Time "21:02:03"]
[TimeControl "2700+10"]

1. e4 c5 2. Nc3 Nc6 3. f4 g6 4. Nf3 Bg7 5. Bb5 Nd4 6. O-O e6 7. e5 a6 8. Bd3
d5 9. Nxd4 cxd4 10. Ne2 Ne7 11. Kh1 Nc6 12. b3 O-O 13. Bb2 Qb6 14. a3 a5 15.
Qe1 f6 16. exf6 Bxf6 17. Qg3 Bg7 18. h4 Bd7 19. Rf2 e5 20. fxe5 Bxe5 21.
Rxf8+ Rxf8 22. Qg5 Bf5 23. Bxf5 Rxf5 24. Qg4 d3 25. Nc3 Qf2 26. Rg1 Rf4 27.
Qe6+ Kg7 28. g3 Rxh4+ 29. gxh4 Qh2# {White checkmated} 0-1

[Event "ICC tourney 2010 (45 10)"]
[Site "Internet Chess Club"]
[Date "2020.09.19"]
[Round "5"]
[White "town"]
[Black "funplaychess"]
[Result "1-0"]
[ICCResult "Black resigns"]
[WhiteElo "2178"]
[BlackElo "2344"]
[Opening "Sicilian: Najdorf, Byrne (English) attack"]
[ECO "B90"]
[NIC "SI.14"]
[Time "21:01:53"]
[TimeControl "2700+10"]

1. e4 c5 2. Nf3 d6 3. d4 cxd4 4. Nxd4 Nf6 5. Nc3 a6 6. Be3 e5 7. Nb3 Be6 8.
f3 Nbd7 9. Qd2 b5 10. O-O-O Be7 11. g4 b4 12. Nd5 Bxd5 13. exd5 Nb6 14. Qxb4
Nfxd5 15. Bxb6 Nxb6 16. f4 O-O 17. fxe5 a5 18. Qc3 a4 19. Na5 a3 20. b3 Bg5+
21. Kb1 Na4 22. bxa4 Rxa5 23. Bb5 Qa8 24. exd6 Bf6 25. Qb4 Rb8 26. d7 g6 27.
Rhe1 Rxa4 28. Re8+ Rxe8 29. Qxa4 Rb8 30. Qxa8 Rxa8 31. c4 Kf8 32. Kc2 Be7
33. Re1 Ra7 34. Kb3 Ra8 35. c5 Bd8 36. Re8+ Kg7 37. Kc4 h5 38. gxh5 gxh5 39.
c6 Rb8 40. c7 Bxc7 41. Rxb8 Bxb8 42. d8=Q Bxh2 43. Be8 Be5 44. Qe7
{Black resigns}
1-0